 Dungeon Sprint DCSS version 0.27.1-1-g398f81649c (webtiles) character file.

Game seed: 14839381958480896965

254 styxcanada the Unseen (level 5, -6/26 (28) HPs)
             Began as a Spriggan Brigand on Sept 16, 2021.
             Was an Initiate of Gozag.
             Mangled by a spriggan (19 damage)
             ... in the Dungeon (Sprint IV: "Fedhas' Mad Dash").
             The game lasted 00:01:31 (314 turns).

styxcanada the Unseen (Spriggan Brigand)             Turns: 314, Time: 00:01:31

HP:   -6/26 (28)    AC:  3    Str:  7    XL:     5   Next: 91%
MP:   6/6           EV: 19    Int: 13    God:    Gozag
Gold: 205           SH:  0    Dex: 17    Spells: 4/4 levels left

rFire    . . .     SeeInvis +   a - +2 dagger
rCold    . . .     Faith    .   (shield restricted)
rNeg     . . .     Spirit   .   b - +0 robe
rPois    .         Reflect  .   (helmet restricted)
rElec    .         Harm     .   c - +0 cloak
rCorr    .         Rampage  .   (gloves unavailable)
Will     .....     NoTele   +   (boots unavailable)
Stlth    ++++++....             l - amulet of invisibility {+Inv}
HPRegen  0.08/turn              (no ring)
MPRegen  0.10/turn              (no ring)

@: very slightly contaminated, drained, very quick
A: very small, no large weapons, unfitting armour, see invisible, speed 3
a: Renounce Religion, Evoke Invisibility, Potion Petition, Call Merchant, Bribe
Branch


You were in the Dungeon.
You worshipped Gozag.
Gozag was aware of your devotion.
You visited 1 branch You collected 205 gold pieces.

Inventory:

Hand Weapons
 a - a +2 dagger (weapon)
Missiles
 d - 4 poisoned darts (quivered)
 e - 2 curare-tipped darts
Armour
 b - a +0 robe (worn)
 c - a +0 cloak (worn)
Jewellery
 l - the amulet of invisibility (around neck) {+Inv}
   (You found it in the Dungeon)

   [amulet of nothing]

   +Inv:      It lets you turn invisible.
Scrolls
 k - a scroll of blinking
 m - a scroll of identify {unknown}
Potions
 f - 2 potions of curing
 g - a potion of heal wounds
 h - a potion of haste
 i - 2 potions of magic
 j - a potion of berserk rage
 n - a potion of attraction {unknown}


   Skills:
 * Level 3.6 Fighting
 + Level 3.5 Short Blades
 + Level 3.5 Throwing
 * Level 5.3 Dodging
 * Level 15.1 Stealth
 * Level 3.4 Evocations


You had 4 spell levels left.
You didn't know any spells.
Your spell library was empty.

Dungeon Overview and Level Annotations

Branches:
Dungeon (1/1)

Altars:
Cheibriados
Dithmenos
Elyvilon
Gozag
Hepliaklqana
Kikubaaqudgha
Makhleb
Nemelex Xobeh
Okawaru
Qazlal
Ru
Sif Muna
Trog
Uskayaw
Vehumet
Wu Jian
Xom
Yredelemnul
Zin
The Shining One
Beogh
Jiyva
Lugonu


Innate Abilities, Weirdness & Mutations

You are very small and have problems with some larger weapons.
You are too small for most types of armour.
You have supernaturally acute eyesight. (SInv)
You cover ground extremely quickly. (Speed+++)


Message History

The helpless spriggan fails to defend itself.
You perforate the spriggan like a sieve!!!!
You kill the spriggan!
Your Dodging skill increases to level 5!
The helpless scorpion fails to defend itself.
You stick the scorpion like a pincushion!!!!
You kill the scorpion!
The spriggan misses you.
Your Stealth skill increases to level 15!
Your Evocations skill increases to level 3!
The spriggan blocks your attack.
You flicker for a moment.
The spriggan misses you.
Throw: 7 darts (poison)
Press: ? - help, Q - select action, (/) - cycle Shift-Dir - straight line, f - spriggan
Aim: a spriggan, wielding a +2 rapier of draining, wearing a +0 robe and wearing a +0 buckler (34% to hit)
You throw a poisoned dart.
The poisoned dart barely misses the spriggan.
The spriggan hits you with a +2 rapier of draining!
You feel drained.
There is an open door here.
You see here 15 arrows.
There is an open door here.
Throw: 6 darts (poison)
Press: ? - help, Q - select action, (/) - cycle Shift-Dir - straight line, f/p - spriggan
Aim: a spriggan, wielding a +2 rapier of draining, wearing a +0 robe and wearing a +0 buckler (34% to hit)
You throw a poisoned dart.
The poisoned dart closely misses the spriggan.
The spriggan hits you with a +2 rapier of draining.
You feel drained.
You flicker back into view.
There is a corrupted altar of Lugonu here.
Throw: 5 darts (poison)
Press: ? - help, Q - select action, (/) - cycle Shift-Dir - straight line, f/p - spriggan
Aim: a spriggan, wielding a +2 rapier of draining, wearing a +0 robe and wearing a +0 buckler (34% to hit)
You throw a poisoned dart. The spriggan blocks the poisoned dart.
The spriggan hits you with a +2 rapier of draining!!
Ouch! That really hurt!
You die...
Your body crumbles into a pile of gold.

#############################
.#.....#.⌠._._._._.⌠.#.('$$(#
.'.#...'.._._._.@i_(.'.(#$$$#
.#.#...#..._._._._...#..###+#
#####+##.._._._._._..#..# $
#._._._._._.⌠.#### $
$############### $$ $


You could see a spriggan.

Vanquished Creatures
  2 scorpions (D)
  3 oklob saplings (D)
  A spriggan (D)
  A river rat (D)
  A rat (D)
8 creatures vanquished.

Vanquished Creatures (others)
  A fungus (D)
1 creature vanquished.

Grand Total: 9 creatures vanquished

Notes
Turn   | Place    | Note
-------+----------+-------------------------------------------
     0 | D        | styxcanada the Spriggan Brigand began the quest for the
                  | Orb.
     0 | D        | Reached XP level 1. HP: 10/10 MP: 2/2
    14 | D        | Reached skill level 7 in Stealth
    14 | D        | Reached XP level 2. HP: 6/15 MP: 3/3
    28 | D        | Reached skill level 8 in Stealth
   193 | D        | Noticed an oklob sapling
   195 | D        | Killed an oklob sapling
   196 | D        | Reached skill level 9 in Stealth
   196 | D        | Reached XP level 3. HP: 18/18 MP: 4/4
   197 | D        | Noticed a scorpion
   197 | D        | Found the amulet of invisibility {+Inv}
   199 | D        | Killed a scorpion
   200 | D        | Reached skill level 12 in Stealth
   200 | D        | Reached XP level 4. HP: 23/23 MP: 5/5
   222 | D        | Found an opulent altar of Gozag.
   222 | D        | Found a hazy altar of Hepliaklqana.
   222 | D        | Found a burning altar of Makhleb.
   222 | D        | Found a sparkling altar of Nemelex Xobeh.
   222 | D        | Found a snail-covered altar of Cheibriados.
   222 | D        | Found a sacrificial altar of Ru.
   222 | D        | Found a shimmering blue altar of Sif Muna.
   222 | D        | Found a shimmering altar of Xom.
   222 | D        | Found a basalt altar of Yredelemnul.
   223 | D        | Found a viscous altar of Jiyva.
   223 | D        | Found a bloodstained altar of Trog.
   223 | D        | Found an ornate altar of the Wu Jian Council.
   224 | D        | Found an iron altar of Okawaru.
   224 | D        | Found a shadowy altar of Dithmenos.
   224 | D        | Found a glowing silver altar of Zin.
   225 | D        | Found an ancient bone altar of Kikubaaqudgha.
   225 | D        | Found a hide-covered altar of Uskayaw.
   226 | D        | Found a stormy altar of Qazlal.
   226 | D        | Found a white marble altar of Elyvilon.
   226 | D        | Found a glowing golden altar of the Shining One.
   227 | D        | Became a worshipper of Gozag Ym Sagoz the Greedy
   228 | D        | Found a corrupted altar of Lugonu.
   228 | D        | Found a radiant altar of Vehumet.
   239 | D        | Reached skill level 13 in Stealth
   239 | D        | Reached skill level 1 in Evocations
   239 | D        | Reached XP level 5. HP: 28/28 MP: 4/6
   290 | D        | Reached skill level 14 in Stealth
   301 | D        | Reached skill level 5 in Dodging
   302 | D        | Reached skill level 15 in Stealth
   314 | D        | Mangled by a spriggan

Illustrated notes

Levels and vault maps discovered:
D:        dungeon_sprint_fedhas [sprint_temple]

Skill      XL: |  1  2  3  4  5 |
---------------+----------------+-----
Dodging        | 2 3 4 5 |  5.3
Stealth        | 7 9 12 13 15 | 15.1
Fighting       | 2 3 |  3.6
Short Blades   | 3 |  3.5
Throwing       | 3 |  3.5
Evocations     | 1 3 |  3.4

Action                   |  1- 3 |  4- 6 || total
-------------------------+-------+-------++-------
Melee: Dagger            |     7 |    10 ||    17
Throw: Dart              |     6 |     3 ||     9
 Abil: Evoke Invisibilit |       |     2 ||     2
 Stab: Sleeping          |     3 |     3 ||     6
       Invisible         |       |     1 ||     1
Dodge: Dodged            |       |     3 ||     3
